 Dungeon Crawl Stone Soup version 0.21.1-1-g345015fe64 (webtiles) character file.

107 Ivernyr the Slasher (level 4, 0/24 HPs)
             Began as a Vine Stalker Monk on June 9, 2018.
             Killed by divine providence
             ... invoked by an orc priest
              (12 damage)
             ... on level 3 of the Dungeon.
             The game lasted 00:04:58 (2615 turns).

Ivernyr the Slasher (Vine Stalker Monk)             Turns: 2615, Time: 00:04:58

Health: 0/24       AC:  2    Str: 14    XL:     4   Next: 86%
Magic:  0/5        EV: 13    Int: 10    God:
Gold:   185        SH:  0    Dex: 17    Spells: 3/3 levels left

rFire    . . .     SeeInvis .   a - +0 falchion
rCold    . . .     Gourm    .   (no shield)
rNeg     . . .     Faith    .   b - +0 robe
rPois    .         Spirit   +   (no helmet)
rElec    .         Reflect  .   (no cloak)
rCorr    +         Harm     .   (no gloves)
MR       .....                  (no boots)
Stlth    ++........             (no amulet)
HPRegen  0.48/turn              (no ring)
MPRegen  0.09/turn              j - ring of resist corrosion

@: no status effects
A: fangs 2, regeneration 1, magic shield, antimagic bite, no potion heal 3, rot
immunity
a: no special abilities


You were on level 3 of the Dungeon.
You were not hungry.

You visited 1 branch of the dungeon, and saw 3 of its levels.

You collected 185 gold pieces.

Inventory:

Hand Weapons
 a - a +0 falchion (weapon)
 w - a +0 blowgun
Missiles
 m - 34 poisoned needles
Armour
 b - a +0 robe (worn)
Jewellery
 j - a ring of resist corrosion (right hand)
Scrolls
 h - 5 scrolls of identify {unknown}
 i - a scroll of enchant weapon {unknown}
 n - a scroll of random uselessness {unknown}
 o - 3 scrolls of teleportation {unknown}
 p - 3 scrolls of fear {unknown}
 q - a scroll of remove curse {unknown}
 s - a scroll of amnesia {unknown}
 u - a scroll of fog {unknown}
 v - a scroll of immolation {unknown}
Potions
 d - a potion of degeneration {unknown}
 e - a potion of magic {unknown}
 f - 2 potions of heal wounds {unknown}
 g - a potion of cancellation {unknown}
 k - 2 potions of invisibility {unknown}
 l - 3 potions of curing
 t - a potion of berserk rage
Comestibles
 c - 10 rations


   Skills:
 + Level 3.2 Fighting
 + Level 3.2 Long Blades
 * Level 2.3 Throwing
 + Level 1.3 Armour
 - Level 2.4 Dodging
 - Level 2.4 Stealth


You had 3 spell levels left.
You didn't know any spells.

Dungeon Overview and Level Annotations

Branches:
Dungeon (3/15)

Altars:
Ashenzari
Yredelemnul
The Shining One


Innate Abilities, Weirdness & Mutations

You have extremely sharp teeth.
Your natural rate of healing is unusually fast.
When hurt, damage is shared between your health and your magic reserves.
Your bite disrupts and absorbs the magic of your enemies.
Potions cannot restore your health.
You are immune to rotting.


Message History

All of the chunks of flesh in your inventory have rotted away.
You feel sick.
You are no longer poisoned.
You barely miss the orc. You bite the orc. You drain its power.
You feel invigorated.
The orc is heavily wounded.
The orc hits you but does no damage.
You barely miss the orc. Your bite misses the orc.
The orc is moderately wounded.
The orc barely misses you.
You barely miss the orc. You bite the orc, but do no damage.
The orc is moderately wounded.
The orc hits you with a club.
You hit the orc. You bite the orc, but do no damage.
The orc is severely wounded.
The orc hits you with a club.
The orc priest calls down the wrath of Beogh upon you.
Beogh smites you!
Ouch! That really hurt!
You die...

###### #....# #....# ###....#
. ########.....##
.########..(.....###.#
...#.........##### #.###
.#...........#######...#
............rSo.@..###.##
#......>....o#####......##
####.......(.# #####...#
...........).## ##...# #
...........)..#######..### #.#
####..####.......#.....###...#
...#..# #..........#.......#
...#..# #..........#.#.###.#
'###..##+#P...........#†#


You could see an orc priest, an adder, an orc and a rat.

Vanquished Creatures
  Jessica (D:2)
  3 adders (D:3)
  An ooze (D:2)
  2 worms (D:2)
  A dart slug (D:3)
  2 leopard geckos
  An orc (D:3)
  5 bats
  A giant cockroach (D:1)
  9 goblins
  6 hobgoblins
  A ball python (D:3)
  A frilled lizard (D:2)
  2 kobolds
  3 rats
39 creatures vanquished.

Vanquished Creatures (others)
  A frilled lizard (D:2)
  A kobold (D:2)
2 creatures vanquished.

Grand Total: 41 creatures vanquished

Notes
Turn   | Place    | Note
-------+----------+-------------------------------------------
     0 | D:1      | Ivernyr the Vine Stalker Monk began the quest for the Orb.
     0 | D:1      | Reached XP level 1. HP: 11/11 MP: 2/2
   345 | D:1      | Reached XP level 2. HP: 12/16 MP: 1/3
   466 | D:1      | You fall through a shaft!
   823 | D:1      | Reached skill level 1 in Throwing
  1499 | D:2      | Reached XP level 3. HP: 17/19 MP: 4/4
  1983 | D:2      | Found a shattered altar of Ashenzari.
  2077 | D:2      | Found a glowing golden altar of the Shining One.
  2077 | D:2      | Noticed Jessica
  2081 | D:2      | Noticed an angel
  2091 | D:2      | Killed Jessica
  2091 | D:2      | Reached skill level 1 in Armour
  2091 | D:2      | Gained mutation: Your natural rate of healing is unusually fast. [Vine Stalker growth]
  2091 | D:2      | Reached XP level 4. HP: 21/24 MP: 5/5
  2099 | D:2      | Found a basalt altar of Yredelemnul.
  2101 | D:2      | Noticed a profane servitor
  2615 | D:3      | Killed from afar by an orc priest

Skill      XL: |  1  2  3  4 |
---------------+-------------+-----
Throwing       | 1 2 |  2.3
Long Blades    | 3 |  3.2
Fighting       | 3 |  3.2
Armour         | 1 |  1.3
Dodging        | |  2.4
Stealth        | |  2.4

Action                   |  1- 3 |  4- 6 || total
-------------------------+-------+-------++-------
Melee: Falchion          |    83 |    42 ||   125
       Bite              |    25 |    17 ||    42
 Stab: Sleeping          |     5 |     3 ||     8
  Eat: Chunk             |     4 |     1 ||     5
Armor: Robe              |     9 |     7 ||    16
Dodge: Dodged            |    62 |    32 ||    94
       Rpst.: Falchion   |    22 |     5 ||    27
